 Dungeon Crawl Stone Soup version 0.27.1-4-g1640c2035a (webtiles) character file.

Game seed: 11023082516435513579

17924 Gunterle the Cleaver (level 12, -1/101 HPs)
             Began as a Palentonga Berserker on Nov 13, 2021.
             Was a High Priest of Trog.
             Killed from afar by a fire dragon (44 damage)
             ... with a blast of flame
             ... on level 12 of the Dungeon on Nov 14, 2021.
             The game lasted 00:46:43 (13449 turns).

Gunterle the Cleaver (Palentonga Berserker)        Turns: 13449, Time: 00:46:43

Health: -1/101     AC: 22    Str: 20    XL:     12   Next: 23%
Magic:  12/12      EV: 15    Int: 11    God:    Trog [*****.]
Gold:   194        SH:  0    Dex: 10    Spells: 11/11 levels left

rFire    . . .     SeeInvis +   b - +0 war axe (flame)
rCold    . . .     Faith    .   (no shield)
rNeg     . . .     Spirit   .   g - +0 acid dragon scales
rPois    +         Reflect  .   P - +0 helmet
rElec    .         Harm     .   U - +0 cloak
rCorr    +         Rampage  .   B - +4 pair of gloves of Fashionability {rPois rCorr Str-4 Int+2}
Will     ++...                  (no barding)
Stlth    ++........             (no amulet)
HPRegen  1.26/turn              q - ring of poison resistance
MPRegen  0.13/turn              G - ring "Damnable Contraption" {Fly EV+4 Stlth+}

@: about to teleport, strong-willed, flying, regenerating, studying Axes, curled
up
A: large, rugged brown scales 3, see invisible, deformed body, roll 1, armoured
tail, reflexive curl
a: Rolling Charge, Renounce Religion, Berserk, Trog's Hand, Brothers in Arms


You were on level 12 of the Dungeon.
You worshipped Trog.
Trog was extremely pleased with you.
You visited 2 branches of the dungeon, and saw 13 of its levels.

You collected 546 gold pieces.
You spent 352 gold pieces at shops.

Inventory:

Hand Weapons
 a - a +0 hand axe
 b - a +0 war axe of flaming (weapon)
 c - a +0 vorpal hand axe
Missiles
 l - 18 poisoned darts (quivered)
 o - 20 bolts
 L - 5 javelins
 O - 2 boomerangs
 S - a throwing net
 W - 2 curare-tipped darts
Armour
 g - +0 acid dragon scales (worn)
 j - a +0 troll leather armour
 B - the +4 pair of gloves of Fashionability (worn) {rPois rCorr Str-4 Int+2}
   (You found it on level 4 of the Dungeon)

   Str:       It affects your strength (-4).
   Int:       It affects your intelligence (+2).
   rPois:     It protects you from poison.
   rCorr:     It protects you from acid and corrosion.
 P - a +0 helmet (worn)
 U - a +0 cloak (worn)
Jewellery
 e - a ring of willpower
 h - a +6 ring of dexterity
 q - a ring of poison resistance (left hand)
 G - the ring "Damnable Contraption" (right hand) {Fly EV+4 Stlth+}
   (You found it on level 6 of the Dungeon)

   [ring of evasion]

   EV:        It affects your evasion (+4).
   Fly:       It grants you flight.
   Stlth:     It makes you more stealthy.
 K - a ring of protection from cold
 V - a ring of positive energy
Wands
 f - a wand of digging (12)
 n - a wand of iceblast (10)
 p - a wand of mindburst (10)
 D - a wand of acid (13)
 Q - a wand of flame (21)
 X - a wand of polymorph (22)
Scrolls
 i - a scroll of silence
 m - 2 scrolls of enchant weapon
 u - 2 scrolls of immolation
 w - a scroll of summoning
 y - a scroll of fear
 C - 7 scrolls of teleportation
 I - a scroll of magic mapping
 M - a scroll of vulnerability
 T - 3 scrolls of fog
 Y - 2 scrolls of blinking
Potions
 d - 3 potions of heal wounds
 k - 3 potions of ambrosia
 r - a potion of brilliance {unknown}
 x - 2 potions of lignification
 A - 2 potions of curing
 H - a potion of resistance
 N - 2 potions of haste
 Z - 2 potions of cancellation


   Skills:
 + Level 9.1 Fighting
 * Level 13.6 Axes
 + Level 7.3 Armour
 + Level 7.4 Dodging
 + Level 6.3 Evocations


You had 11 spell levels left.
You didn't know any spells.
Your spell library was empty.

Dungeon Overview and Level Annotations

Branches:
Dungeon (12/15)            Temple (1/1) D:4            Lair (0/6) D:9
    Orc (0/2) D:11

Altars:
Ashenzari
Fedhas
Gozag
Okawaru
Trog
Uskayaw
Wu Jian
Xom
Yredelemnul

Shops:
D:2 [[?[*   D:5 [   D:6 [   D:8 *   D:10 =*


Innate Abilities, Weirdness & Mutations

You are completely covered in rugged brown scales. (AC +3, +7% HP)
You have supernaturally acute eyesight. (SInv)
Armour fits poorly on your strangely shaped body.
You can roll at nearby foes to attack.
You have a long armoured tail.
You curl defensively after being hit.


Message History

The fire dragon is severely wounded.
The bolt of acid misses the white imp.
The bolt of acid hits the ufetubus!
The ufetubus is splashed with acid.
The acid corrodes the ufetubus!
You kill the ufetubus!
Trog accepts your kill.
The bolt of acid hits the centaur warrior simulacrum!!
The centaur warrior simulacrum is splashed with acid.
The acid corrodes the centaur warrior simulacrum!
The centaur warrior simulacrum is almost destroyed.
A centaur warrior simulacrum comes into view.
Your ogre hits the polar bear with a +0 giant spiked club!!
The polar bear dies!
Trog accepts your kill.
The shadow slips into darkness.
The shadow flickers and vanishes for a moment.
That's the wrong kind of item! (Use * to select it.) Evoke which item? (* to show all) (? for menu, Esc to quit)
Okay, then.
Unknown command.
Aiming: Corrosive Bolt
Press: ? - help, Shift-Dir - straight line, f/p - fire dragon
Aim: a fire dragon (severely wounded, covered in acid, 81% to hit)
The bolt of acid hits the fire dragon!!
The fire dragon is splashed with acid.
The fire dragon seems to be corroded for longer.
The fire dragon is almost dead.
The bolt of acid hits the white imp!!
The white imp is splashed with acid.
You kill the white imp!
Trog accepts your kill.
The bolt of acid misses the centaur warrior simulacrum.
Your ogre hits the two-headed ogre with a +0 giant spiked club!!
The two-headed ogre dies!
Trog accepts your kill.
The electric eel shoots out a bolt of lightning at you!
The bolt of electricity hits the vampire.
The vampire is destroyed!
The bolt of electricity hits the shadow!
The bolt of electricity misses you. The shadow misses you.
The fire dragon breathes flames at you. The blast of flame hits you!!!
You die...

*,,,,****** #..........∩
*,,,,,,,,,* #...........
*,≈≈≈.≈≈≈,* #...........
*,≈≈≈≈≈≈≈,* #...8..?...#
*,≈,≈≈≈;,,* #..........#
*,≈≈≈≈≈;≈,** #.........!#
*,,≈,.≈≈≈.≈* #..........#
*,,,,.≈≈≈≈.#########.>.....!#
*,,≈,.≈≈≈≈≈W@DZ..............
*,,≈,≈Z.≈.O)#####.####.<.....
*,,≈,...≈h≈#**≈≈≈..≈≈#.......
*,,≈,...≈..* #≈≈...≈≈#.......
*,,≈,∩..≈.≈**#≈.§§§§.#.......
*,,≈,..≈≈.≈*....§§§§...?.....
*,,≈,.o≈≈≈≈#.#.)§§§.≈#......#
*,,≈≈...≈,≈#.#≈≈...≈≈#.......
*,≈,≈≈,,≈≈≈*,*≈≈,,,≈≈#......#


You could see a fire dragon (catching breath, corroded), a shadow (invisible), a
wolf, 2 electric eels, 2 centaur warrior simulacra, an orc and a friendly ogre
(summoned, berserk).

Vanquished Creatures
  Harold (D:8)
  A hydra (D:7)
  4 two-headed ogres
  A manticore (D:11)
  3 cyclopes
  An ugly thing (D:10)
  Joseph (D:10)
  A gargoyle (D:11)
  Psyche (D:10)
  A komodo dragon (D:11)
  Maggie (D:9)
  A queen bee (D:11)
  3 trolls
  3 centaur simulacra (D:12)
  2 wyverns
  11 yaks
  A wraith (D:11)
  Grum (D:9)
  2 acid dragons
  2 water moccasins
  2 ice beasts
  A sky beast (D:6)
  4 ogres
  3 orc warriors
  A necrophage (D:4)
  5 centaurs
  2 wolves (D:9)
  A phantom (D:5)
  Blork the orc (D:6)
  3 kobold brigands
  2 bullfrogs (D:7)
  3 scorpions
  A water moccasin skeleton (D:6)
  17 killer bees (D:11)
  9 wights
  4 electric eels
  3 howler monkeys
  8 centaur zombies
  A bullfrog zombie (D:3)
  5 hounds
  3 jellies
  A centaur skeleton (D:5)
  A bullfrog skeleton (D:6)
  8 orc priests
  3 iguanas
  Ijyb (D:3)
  4 orc wizards
  A scorpion zombie (D:5)
  2 hound skeletons (D:4)
  7 adders
  A howler monkey skeleton (D:7)
  3 shadow imps
  2 white imps (D:12)
  An ufetubus (D:12)
  An adder zombie (D:5)
  A worm (D:2)
  3 dart slugs
  16 orcs
  A bat (D:1)
  5 endoplasms
  3 giant cockroaches
  15 goblins
  6 hobgoblins
  12 jackals
  10 ball pythons
  4 frilled lizards
  18 kobolds
  6 rats
257 creatures vanquished.

Vanquished Creatures (collateral kills)
  A hydra (D:12)
  A two-headed ogre (D:12)
  A polar bear (D:12)
  A yak (D:12)
  A wolf (D:12)
  An ufetubus (D:12)
6 creatures vanquished.

Vanquished Creatures (others)
  A vampire (D:12)
1 creature vanquished.

Grand Total: 264 creatures vanquished

Notes
Turn   | Place    | Note
-------+----------+-------------------------------------------
     0 | D:1      | Gunterle the Palentonga Berserker began the quest for the
                  | Orb.
     0 | D:1      | Reached XP level 1. HP: 19/19 MP: 1/1
    99 | D:1      | Found a faded altar of an unknown god.
   190 | D:1      | Reached XP level 2. HP: 25/25 MP: 2/2
   838 | D:2      | Found a bloodstained altar of Trog.
   867 | D:2      | Found Unodd's Armour Boutique.
   876 | D:2      | Reached XP level 3. HP: 25/31 MP: 3/3
  1274 | D:2      | Found Qubuus's Assorted Antiques.
  1280 | D:2      | Reached ** piety under Trog
  1327 | D:2      | Found Daliutaxt's Magic Scroll Emporium.
  1329 | D:2      | Found Weogeema's Antique Armour Emporium.
  1358 | D:2      | Bought a scroll of noise for 12 gold pieces
  1732 | D:2      | Found Aproipaq's Armour Shoppe.
  2047 | D:3      | Reached XP level 4. HP: 26/37 MP: 4/4
  2288 | D:3      | Noticed Ijyb
  2298 | D:3      | Killed Ijyb
  2299 | D:3      | Reached skill level 4 in Axes
  2588 | D:3      | Reached XP level 5. HP: 37/44 MP: 5/5
  3573 | D:4      | Reached XP level 6. HP: 51/51 MP: 6/6
  3839 | D:4      | Reached skill level 5 in Axes
  3839 | D:4      | Reached *** piety under Trog
  4226 | D:4      | Gained mutation: You curl defensively after being hit.
                  | [Palentonga growth]
  4226 | D:4      | Reached XP level 7. HP: 42/58 MP: 7/7
  4528 | D:4      | Found a staircase to the Ecumenical Temple.
  4536 | D:4      | Reached skill level 6 in Axes
  4558 | Temple   | Entered the Ecumenical Temple
  4983 | D:4      | Identified the +4 pair of gloves of Fashionability {rPois
                  | rCorr Str-4 Int+2}
  5059 | D:4      | Found a shimmering altar of Xom.
  5065 | D:4      | Found a hide-covered altar of Uskayaw.
  5065 | D:4      | Found an opulent altar of Gozag.
  5065 | D:4      | Found a basalt altar of Yredelemnul.
  5069 | D:4      | Found a blossoming altar of Fedhas.
  5111 | D:4      | Reached skill level 5 in Fighting
  5367 | D:2      | Bought a fuming sapphire potion for 23 gold pieces
  5367 | D:2      | Bought a black potion for 23 gold pieces
  5367 | D:2      | Bought a scroll labelled UHEOREHUXZUPP for 26 gold pieces
  5439 | D:5      | Entered Level 5 of the Dungeon
  5470 | D:5      | Found a transporter.
  5488 | D:5      | Found a transporter.
  5501 | D:5      | Reached XP level 8. HP: 66/66 MP: 8/8
  5577 | D:5      | Reached skill level 7 in Axes
  6060 | D:5      | Found Ezouneg's Armour Shop.
  6627 | D:6      | Noticed Blork the orc
  6635 | D:6      | Reached skill level 1 in Evocations
  6635 | D:6      | Killed Blork the orc
  6696 | D:6      | Reached **** piety under Trog
  6824 | D:6      | Found Ceacur's Antique Armour Shop.
  6848 | D:6      | Reached skill level 8 in Axes
  6848 | D:6      | Reached XP level 9. HP: 57/73 MP: 9/9
  7265 | D:6      | Identified the ring "Damnable Contraption" {Fly EV+4
                  | Stlth+}
  7660 | D:2      | Bought a scroll of magic mapping for 42 gold pieces
  7701 | D:2      | Bought a scroll labelled VIFA APANGIN for 26 gold pieces
  7742 | D:2      | Bought a scroll of identify for 24 gold pieces
  8136 | D:7      | Noticed a six-headed hydra
  8150 | D:7      | Killed a six-headed hydra
  8151 | D:7      | Reached skill level 9 in Axes
  8151 | D:7      | Reached skill level 5 in Armour
  8151 | D:7      | Reached skill level 5 in Dodging
  8647 | D:2      | Bought 2 scrolls of identify for 48 gold pieces
  8823 | D:8      | Noticed Harold
  8824 | D:8      | Found an iron altar of Okawaru.
  8830 | D:8      | Killed Harold
  8831 | D:8      | Reached XP level 10. HP: 84/84 MP: 10/10
  9296 | D:8      | Found Litt's General Store.
  9305 | D:8      | Bought a scroll of identify for 22 gold pieces
  9305 | D:8      | Bought a scroll of identify for 22 gold pieces
  9630 | D:9      | Noticed a two-headed ogre
  9819 | D:9      | Killed a two-headed ogre
  9820 | D:9      | Reached skill level 10 in Axes
 10028 | D:9      | Noticed Grum
 10040 | D:9      | Killed Grum
 10078 | D:9      | Noticed a two-headed ogre
 10086 | D:9      | Killed a two-headed ogre
 10111 | D:9      | Found an ornate altar of the Wu Jian Council.
 10599 | D:9      | Noticed Maggie
 10607 | D:9      | Killed Maggie
 10705 | D:9      | Reached XP level 11. HP: 86/92 MP: 11/11
 10707 | D:9      | Identified 2 scrolls of acquirement
 10708 | D:9      | Acquired a manual of Axes
 10710 | D:9      | Acquired a manual of Axes
 10967 | D:9      | Found a staircase to the Lair.
 10996 | D:10     | Entered Level 10 of the Dungeon
 11041 | D:10     | Noticed Joseph
 11055 | D:10     | Killed Joseph
 11110 | D:10     | Reached skill level 11 in Axes
 11160 | D:10     | Noticed Psyche
 11163 | D:10     | Killed Psyche
 11168 | D:10     | Found Goigeb's Jewellery Shop.
 11187 | D:10     | Reached skill level 5 in Evocations
 11190 | D:10     | Reached ***** piety under Trog
 11278 | D:10     | Found Dojisueh's Assorted Antiques.
 11286 | D:10     | Bought a murky orange potion for 26 gold pieces
 11286 | D:10     | Bought a scroll of identify for 58 gold pieces
 11763 | D:10     | Noticed a two-headed ogre
 11769 | D:10     | Killed a two-headed ogre
 11770 | D:10     | Reached skill level 12 in Axes
 11929 | D:11     | Noticed a brown ugly thing
 11948 | D:10     | Killed a brown ugly thing
 12092 | D:11     | Found a staircase to the Orcish Mines.
 12235 | D:11     | Noticed a two-headed ogre
 12244 | D:11     | Killed a two-headed ogre
 12511 | D:11     | Reached skill level 13 in Axes
 12990 | D:11     | Reached XP level 12. HP: 100/100 MP: 12/12
 13406 | D:12     | Noticed a five-headed hydra
 13417 | D:12     | Killed a three-headed hydra
 13424 | D:12     | Noticed a fire dragon
 13440 | D:12     | Noticed a two-headed ogre
 13449 | D:12     | Killed a two-headed ogre
 13449 | D:12     | Killed from afar by a fire dragon

Illustrated notes

Levels and vault maps discovered:
D:1:      minmay_arrival_diagonal_passages, layout_basic, basic_ecumenical_altar
D:2:      layout_loops_cross, serial_shops, shop, shop, nicolae_diamond_shop,
          nicolae_square_shop, nicolae_diamond_shop, basic_altar
D:3:      kennysheep_goblin_castle, layout_loops_corners, minmay_misc_feat_cross
D:4:      layout_gridville, minitemple, minmay_temple_entry_grid
D:5:      gammafunk_wand_slinger, layout_gridville, serial_shops, shop
D:6:      layout_rooms, serial_shops, nicolae_inconvenience_store,
          uniq_blork_the_orc
D:7:      layout_rooms, kennysheep_boxes
D:8:      layout_loops_cross, okawaru_trees_2, serial_shops, shop,
          minmay_misc_feat_room, uniq_harold
D:9:      layout_loops_ring, mainiacjoe_overflow_cross_hatched,
          lair_entry_dummy, uniq_maggie, uniq_grum
D:10:     layout_roguey, serial_shops, nicolae_stop_n_shop_2, shop_statue,
          uniq_psyche, uniq_joseph
D:11:     layout_cave_pods, orc_0_dummy, minivault_7
D:12:     minmay_chopped_fan, layout_cross, serial_shops, shop_fountains,
          serial_ice, serial_ice_f, serial_ice_n, serial_ice_h, serial_ice_j,
          serial_ice_g, serial_ice_m, serial_ice_a, serial_ice_b, serial_ice_o,
          serial_ice_d, portal_ice_cave_entry_pillars_1
Temple:   regret_index_temple_generic_petals

Skill      XL: |  1  2  3  4  5  6  7  8  9 10 11 12 |
---------------+-------------------------------------+-----
Dodging        | 2 3 4 5 6 7 |  7.4
Armour         | 2 3 4 5 6 7 |  7.3
Axes           | 4 5 6 8 9 10 13 | 13.6
Fighting       | 4 5 6 7 8 9 |  9.1
Evocations     | 1 3 4 6 |  6.3

Action                   |  1- 3 |  4- 6 |  7- 9 | 10-12 || total
-------------------------+-------+-------+-------+-------++-------
Melee: Hand axe          |   142 |    81 |   165 |   164 ||   552
       Tailslap          |    11 |    13 |    34 |    64 ||   122
       War axe           |       |    33 |    67 |   222 ||   322
Throw: Dart              |       |       |    11 |    19 ||    30
       Stone             |       |       |       |     3 ||     3
       Throwing net      |       |       |       |     3 ||     3
       Javelin           |       |       |       |     1 ||     1
Invok: Berserk           |     1 |     5 |     9 |    11 ||    26
       Trog's Hand       |       |       |       |     4 ||     4
       Brothers in Arms  |       |       |       |     3 ||     3
 Abil: Rolling Charge    |     9 |     7 |    15 |    17 ||    48
Evoke: Wand              |       |       |    10 |    31 ||    41
  Use: Scroll            |       |     4 |    11 |    12 ||    27
       Potion            |       |       |     1 |       ||     1
 Stab: Sleeping          |       |       |       |     1 ||     1
       Distracted        |       |       |       |     1 ||     1
Armor: Animal skin       |    52 |    34 |       |       ||    86
       Skin              |       |     6 |    91 |    45 ||   142
       Acid dragon scale |       |       |       |    92 ||    92
Dodge: Dodged            |    75 |    65 |   115 |   342 ||   597
